 Dungeon Crawl Stone Soup version 0.28.0-45-g0d030f2227 (webtiles) character file.

Game seed: 1587792420544083485

124 zeratav the Insei (level 5, -1/34 HPs)
             Began as an Octopode Transmuter on Apr 11, 2022.
             Slain by an orc
             ... wielding a +0 hand axe
              (3 damage)
             ... on level 3 of the Dungeon.
             The game lasted 00:01:58 (1966 turns).

zeratav the Insei (Octopode Transmuter)             Turns: 1966, Time: 00:01:59

Health: -1/34      AC:  8    Str:  9    XL:     5   Next: 8%
Magic:  8/8        EV: 13    Int: 16    God:
Gold:   85         SH:  0    Dex: 14    Spells: 7/8 levels left

rFire   . . .      SeeInvis +   c - +1 dagger (protect) {short}
rCold   . . .      Faith    .   (no shield)
rNeg    . . .      Spirit   .   (helmet restricted)
rPois   .          Reflect  .   (no amulet)
rElec   .          Harm     .   f - ring of see invisible
rCorr   .          Rampage  .   (no ring)
Will    .....                   (no ring)
Stlth   +++.......              (no ring)
HPRegen 0.11/turn               (no ring)
MPRegen 0.11/turn               (no ring)
                                (no ring)
                                (no ring)

@: under a protective aura
A: almost no armour, amphibious, 8 rings, camouflage 1, gelatinous body 1,
(nimble swimmer 1), tentacles
a: no special abilities


You were on level 3 of the Dungeon.
You visited 1 branch of the dungeon, and saw 3 of its levels.

You collected 85 gold pieces.


Innate Abilities, Weirdness & Mutations

You cannot wear most types of armour.
You are amphibious.
You can wear up to eight rings at the same time.
Your skin changes colour to match your surroundings (Stealth+).
Your rubbery body absorbs attacks. (AC +1, EV +1)
((You are camouflaged when in or above water. (Stealth+)))
You have tentacles for arms and can constrict up to eight enemies at once.


   Skills:
 + Level 2.1 Fighting
 + Level 2.8 Dodging
 + Level 2.7 Stealth
 * Level 4.2 Unarmed Combat
 - Level 2.0 Spellcasting
 - Level 2.0 Transmutations


You had 7 spell levels left.
You knew the following spells:

 Your Spells              Type           Power      Damage    Failure   Level
a - Beastly Appendage     Tmut           16%        N/A       9%          1

Your spell library contained the following spells:

 Spells                   Type           Power      Damage    Failure   Level
 Wereblood                Tmut           8%         N/A       14%         2
 Ensorcelled Hibernation  Hex/Ice        2%         N/A       30%         2
 Spider Form              Tmut/Pois      4%         N/A       38%         3
 Ice Form                 Ice/Tmut       4%         N/A       80%         4
 Anguish                  Hex/Necr       0%         N/A       90%         4

Inventory:

Hand Weapons
 c - a +1 dagger of protection (weapon) {short}
   (You took it off a kobold on level 1 of the Dungeon)
Jewellery
 f - a ring of see invisible (left tentacle)
   (You found it on level 2 of the Dungeon)
Scrolls
 a - 2 scrolls of identify {unknown}
Potions
 b - 2 potions of attraction {unknown}
 d - 2 potions of curing {unknown}
 e - a potion of might {unknown}
 g - a potion of degeneration {unknown}
 h - 2 potions of heal wounds {unknown}
 i - a potion of resistance {unknown}

Dungeon Overview and Level Annotations

Branches:
Dungeon (3/15)

Altars:

######.####
#.........#
#.###...#.#
#...#.# #...#.#
#+## #.###.#
#...##
###.###.##.....##
.....$..#.o.....#
#...####.@)......
.. +.))......
#.........
##.......#
##.....## #...##
#+##


You could see an orc.


Message History

MP[-1]
You lost 1 mp, and now have 6/7 mp. 2 orcs and an orc wizard come into view.
You closely miss the goblin. You grab the goblin.
You pierce the goblin.
You kill the goblin!
The orc wizard shouts!
An orc comes into view. It is wielding a +0 short sword.
You hit the orc wizard.
Your weapon exudes an aura of protection.
You grab the orc wizard.
Your transformation is almost over.
You constrict the orc wizard, but do no damage.
The orc wizard hits you but does no damage.
You hit the orc wizard but do no damage.
You constrict the orc wizard. The orc wizard closely misses you.
You hit the orc wizard.
You pierce the orc wizard, but do no damage.
You constrict the orc wizard. The orc wizard completely misses you.
You barely miss the orc wizard.
You pierce the orc wizard, but do no damage.
You constrict the orc wizard, but do no damage.
The orc hits you with a +0 hand axe.
The orc wizard struggles to escape constriction.
HP[-4]
You take 4 damage, and now have 25/29 hp.
You hit the orc wizard but do no damage.
You pierce the orc wizard.
You constrict the orc wizard. The orc barely misses you.
The orc hits you with a +0 short sword.
HP[-3] MP[+1]
You take 3 damage, and now have 22/29 hp.
Your mp is fully restored (7).
You hit the orc wizard but do no damage.
You pierce the orc wizard, but do no damage.
Your tentacle-slap misses the orc wizard.
You constrict the orc wizard.
The orc wizard mumbles some strange words.
The orc wizard flickers and vanishes for a moment.
The orc closely misses you. x2; The orc hits you with a +0 short sword.
HP[-1]
You take 1 damage, and now have 21/29 hp.
You hit the orc wizard but do no damage.
You constrict the orc wizard. The orc closely misses you.
The orc wizard hits you with a +0 dagger.
The orc hits you but does no damage. The orc misses you.
HP[-3]
You take 3 damage, and now have 18/29 hp.
You completely miss the orc wizard.
Your tentacle spike misses the orc wizard.
You squeeze the orc wizard.
You kill the orc wizard!
The orc misses you. The orc barely misses you. x2
You have reached level 5!
You feel clever.
HP[+3] MP[+1]
You now have 34 max hp (+5).
You regained 3 hp, and now have 21/34 hp.
Your mp is fully restored (8).
You hit the orc but do no damage. Your grab misses the orc.
Your tentacle spike misses the orc.
The orc hits you with a +0 short sword. The orc barely misses you. x2
HP[-3]
You take 3 damage, and now have 18/34 hp.
You hit the orc but do no damage. Your grab misses the orc.
You pierce the orc, but do no damage.
The orc hits you with a +0 short sword.
* * * LOW HITPOINT WARNING * * *
The orc hits you but does no damage. The orc hits you with a +0 short sword.
* * * LOW HITPOINT WARNING * * *
HP[-7]
You take 7 damage, and now have 11/34 hp.
MASSIVE DAMAGE!! (PAUSE)
You hit the orc but do no damage. You grab the orc. You squeeze the orc.
Your tentacle spike disappears.
You constrict the orc. The orc hits you with a +0 short sword.
* * * LOW HITPOINT WARNING * * *
The orc hits you with a +0 hand axe.
* * * LOW HITPOINT WARNING * * *
The orc completely misses you.
HP[-6]
You take 6 damage, and now have 5/34 hp.
You hit the orc but do no damage. You squeeze the orc.
You kill the orc!
The orc hits you with a +0 hand axe.
* * * LOW HITPOINT WARNING * * *
The orc barely misses you.
You hit the orc but do no damage. Your grab misses the orc.
The orc hits you but does no damage. The orc misses you.
You hit the orc but do no damage. Your grab misses the orc.
The orc hits you with a +0 hand axe.
* * * LOW HITPOINT WARNING * * *
The orc closely misses you.
HP[-3]
You take 3 damage, and now have 2/34 hp.
You completely miss the orc. You grab the orc. You squeeze the orc.
You constrict the orc. The orc barely misses you. The orc closely misses you.
You hit the orc but do no damage. You constrict the orc.
The orc hits you but does no damage. The orc closely misses you.
You hit the orc.
You kill the orc!
The orc hits you with a +0 hand axe.
You die...

Skill      XL: |  1  2  3  4 |
---------------+-------------+-----
Stealth        | 1 2 |  2.7
Unarmed Combat | 4 |  4.2
Fighting       | 2 |  2.1
Dodging        | |  2.8
Spellcasting   | |  2.0
Transmutations | |  2.0

Action                   |  1- 3 |  4- 6 || total
-------------------------+-------+-------++-------
Melee: Unarmed           |    43 |       ||    43
       Constrict         |    20 |    16 ||    36
       Kick              |    15 |    16 ||    31
       Tentacles         |    11 |     8 ||    19
       Dagger            |    10 |    50 ||    60
       Punch             |     2 |     1 ||     3
 Cast: Beastly Appendage |    12 |    11 ||    23
 Stab: Sleeping          |     5 |     3 ||     8
Armor: Skin              |     4 |    14 ||    18
Dodge: Dodged            |    25 |    34 ||    59

Levels and vault maps discovered:
D:1:      dpeg_arrival_simpleton_a, layout_rooms
D:2:      layout_rooms, serial_corexii_hall, corexii_hall_statues_deadend,
          corexii_hall_statues_x, minmay_pentomino_o2, uniq_jessica
D:3:      layout_loops_corners, shapermc_ecumenical_altar_mp_highgroup

Notes
Turn   | Place    | Note
-------+----------+-------------------------------------------
     0 | D:1      | zeratav the Octopode Transmuter began the quest for the
                  | Orb.
     0 | D:1      | Reached XP level 1. HP: 13/13 MP: 3/3
     0 | D:1      | magus.rc [v1.9.6]
    92 | D:1      | Reached XP level 2. HP: 16/18 MP: 3/5
   117 | D:1      | Reached skill level 1 in Stealth
   486 | D:1      | Reached XP level 3. HP: 18/23 MP: 4/6
   591 | D:1      | You fall into a shaft and drop 1 floor!
   591 | D:2      | Noticed Jessica
   596 | D:2      | HP: 4/23 [Jessica/nerve-wracking pain (9)]
   597 | D:2      | Killed Jessica
   598 | D:2      | Reached skill level 2 in Stealth
   873 | D:2      | You pick up a book of Dreams and begin reading...
   873 | D:2      | You add the spells Ensorcelled Hibernation and Anguish to
                  | your library.
   888 | D:2      | Reached XP level 4. HP: 29/29 MP: 5/7
  1192 | D:2      | Reached skill level 4 in Unarmed Combat
  1426 | D:2      | Reached skill level 2 in Fighting
  1958 | D:3      | Reached XP level 5. HP: 21/34 MP: 8/8
  1960 | D:3      | HP: 5/34 [orc/+0 hand axe (4)]
  1963 | D:3      | HP: 2/34 [orc/+0 hand axe (3)]
  1966 | D:3      | Slain by an orc

Vanquished Creatures
  Jessica (D:2)
  An orc wizard (D:3)
  2 adders (D:2)
  A worm (D:2)
  A dart slug (D:1)
  2 orcs (D:3)
  3 ball pythons (D:1)
  4 endoplasms
  4 giant cockroaches
  6 goblins
  3 hobgoblins
  7 kobolds
  4 quokkas
  3 bats
  A frilled lizard (D:1)
  6 rats
49 creatures vanquished.

Table legend:
 A = Non-vault XP
 B = Vault XP
 C = Vault XP percentage of total XP
 D = Non-vault monster count
 E = Vault monster count
 F = Vault count percentage of total count
                 A         B        C        D         E       F
            +---------+---------+-------+---------+---------+-------
      Total |     144 |      37 |  20.4 |      48 |       1 |   2.0
            +---------+---------+-------+---------+---------+-------
        D:1 |      51 |       0 |   0.0 |      29 |       0 |   0.0
        D:2 |      50 |      37 |  42.5 |      15 |       1 |   6.2
        D:3 |      43 |       0 |   0.0 |       4 |       0 |   0.0
            +---------+---------+-------+---------+---------+-------

Illustrated notes

Table legend:
 A = Kills in this place as a percentage of kills in entire the game.
 B = Kills by you in this place as a percentage of kills by you in the entire game.
 C = Kills by friends in this place as a percentage of kills by friends in the entire game.
 D = Other kills in this place as a percentage of other kills in the entire game.
 E = Experience gained in this place as a percentage of experience gained in the entire game.
 F = Experience gained in this place divided by the number of levels of this place that you have seen.
                   A       B       C       D       E      F
               +-------+-------+-------+-------+-------+----------------------
         Total | 100.0 | 100.0 |   N/A |   N/A | 100.0 |  60.3
       Dungeon | 100.0 | 100.0 |   N/A |   N/A | 100.0 |  60.3
               +-------+-------+-------+-------+-------+----------------------

Table legend: (Time is in decaauts)
 A = Elapsed time spent in this place.
 B = Non-inter-level travel time spent in this place.
 C = Inter-level travel time spent in this place.
 D = Time resting spent in this place.
 E = Time spent auto-exploring this place.
 F = Levels seen in this place.
 G = Mean time per level.
                   A        B        C        D        E       F      G
               +--------+--------+--------+--------+--------+-----+--------+
         Total |   1963 |   1905 |     58 |    238 |   1387 |   3 |  654.3 |
       Dungeon |   1963 |   1905 |     58 |    238 |   1387 |   3 |  654.3 |
               +--------+--------+--------+--------+--------+-----+--------+

Top non-repeatable levels by time:
     D:2: 1098 daAuts
     D:1: 826 daAuts
     D:3: 37 daAuts
